 Dungeon Sprint DCSS version 0.22-a0-422-g9628fc87f1 (webtiles) character file.

5161 Hephaistos the Markscentaur (level 10, -4/84 HPs)
             Began as a Centaur Berserker on May 18, 2018.
             Was the Champion of Trog.
             Killed by divine providence
             ... invoked by an orc priest
              (11 damage)
             ... in the Dungeon (Sprint IX: "|||||||||||||||||||||||||||||").
             The game lasted 00:02:26 (1214 turns).

Hephaistos the Markscentaur (Centaur Berserker)     Turns: 1214, Time: 00:02:26

Health: -4/84      AC:  9    Str: 19    XL:     10   Next: 33%
Magic:  3/3        EV: 15    Int:  6    God:    Trog [******]
Gold:   111        SH:  0    Dex: 17    Spells: 9/9 levels left

rFire    . . .     SeeInvis +   x - +3 glaive (antimagic)
rCold    + . .     Gourm    .   (shield currently unavailable)
rNeg     . . .     Faith    .   u - +2 ring mail {rC+}
rPois    .         Spirit   .   (no helmet)
rElec    .         Reflect  .   n - +0 cloak
rCorr    .         Harm     .   (no gloves)
MR       .....     NoTele   +   (no barding)
Stlth    ..........             (no amulet)
HPRegen  0.24/turn              p - +2 ring of evasion
MPRegen  0.08/turn              q - +2 ring of evasion

@: berserk cooldown, slowed
A: large, hooves 3, see invisible, agile 2, deformed body, speed 2, frail 1,
tough skin 3
a: Berserk, Trog's Hand, Brothers in Arms, Renounce Religion


You were in the Dungeon.
You worshipped Trog.
Trog was exalted by your worship.
You were near starving.

You visited 1 branch You collected 111 gold pieces.

Inventory:

Hand Weapons
 a - a +0 spear
 m - a +2 halberd of protection
 r - a +0 shortbow
 x - a +3 antimagic glaive (weapon)
 z - a +3 antimagic bardiche
Missiles
 s - 70 arrows
Armour
 n - a +0 cloak (worn)
 o - a +1 chain mail
 u - a +2 ring mail of cold resistance (worn)
 A - a +0 cloak
Jewellery
 p - a +2 ring of evasion (left hand)
 q - a +2 ring of evasion (right hand)
 t - a +5 ring of evasion
Wands
 l - a wand of acid (10)
Scrolls
 b - 3 scrolls of enchant armour
 i - 2 scrolls of blinking
 k - 3 scrolls of remove curse
 v - 6 scrolls of enchant weapon
 w - a scroll of fear
 y - a scroll of magic mapping
Potions
 d - 6 potions of curing
 e - 7 potions of heal wounds
 f - a potion of haste
 g - 5 potions of magic
 h - 2 potions of berserk rage
 j - a potion of invisibility
Comestibles
 c - 12 rations


   Skills:
 + Level 10.5 Fighting
 + Level 13.3 Polearms
 * Level 18.4 Bows
 + Level 5.2 Armour
 + Level 4.1 Dodging


You had 9 spell levels left.
You didn't know any spells.
Your spell library was empty.

Dungeon Overview and Level Annotations

Branches:
Dungeon (1/1)

Altars:
Cheibriados
Dithmenos
Elyvilon
Fedhas
Gozag
Hepliaklqana
Kikubaaqudgha
Makhleb
Nemelex Xobeh
Okawaru
Qazlal
Ru
Sif Muna
Trog
Uskayaw
Vehumet
Wu Jian
Xom
Yredelemnul
Zin
The Shining One
Beogh
Jiyva
Lugonu


Innate Abilities, Weirdness & Mutations

You have hooves in place of feet.
Armour fits poorly on your strangely shaped body.
You cover ground very quickly.
You have extremely tough skin. (AC +3)
You have supernaturally acute eyesight. (SInv)
You are very agile. (Dex +4)
You are frail. (-10% HP)


Message History

Your deep troll rages.
Items here: )) [[ † a dagger; a robe; a halberd; a chain mail; an orc corpse You now have 111 gold pieces (gained 50).
Things that are here:
a glowing triple sword {god gift}; a flail; an orc corpse An orc priest comes into view.
It is wielding a flail.
Your deep troll rages.
The orc priest invokes the aid of Beogh against you.
Beogh smites you!
* * * LOW HITPOINT WARNING * * *
Things that are here:
a dagger; a short sword; 100 gold pieces You swap places.
Things that are here:
a glowing triple sword {god gift}; a flail; an orc corpse Unknown command.
The orc priest invokes the aid of Beogh against you.
Beogh smites you!
You die...

_______________'.....).....†...<▓
▓▓▓▓▓▓▓▓▓▓▓▓▓▓▓▓▓▓▓▓▓▓▓▓▓▓▓▓▓▓▓▓▓
................................▓
▓▓▓▓▓▓▓▓▓▓▓▓▓▓▓▓▓▓▓▓▓▓▓▓▓▓▓▓▓▓▓.▓
÷.........')............'.......▓
▓▓▓▓▓▓▓▓▓▓▓▓▓▓▓▓▓▓▓▓▓▓▓▓▓▓▓▓▓▓▓▓▓
................................▓
▓▓▓▓▓▓▓▓▓▓▓▓▓▓▓▓▓▓▓▓▓▓▓▓▓▓▓▓▓▓▓.▓
.o.)))T)@)).............▓
▓▓▓▓▓▓▓▓▓▓▓▓▓▓▓▓▓▓▓▓▓▓▓▓▓


You could see an orc priest and a friendly deep troll (berserk).

Vanquished Creatures
  Urug (D)
  A black mamba (D)
  3 spiny frogs (D)
  2 komodo dragons (D)
  A yak (D)
  A basilisk (D)
  A hungry ghost (D)
  2 wargs (D)
  A hell hound (D)
  A water moccasin (D)
  A porcupine (D)
  2 orc warriors (D)
  A black bear (D)
  A centaur (D)
  6 wolves (D)
  3 crocodiles (D)
  A big kobold (D)
  A bullfrog (D)
  A scorpion (D)
  A wight (D)
  2 orc priests (D)
  An orc wizard (D)
  2 adders (D)
  A shadow imp (D)
  2 adder skeletons (D)
  An adder zombie (D)
  A leopard gecko (D)
  4 orcs (D)
  A bat skeleton (D)
  A giant cockroach (D)
  A jackal (D)
  A kobold (D)
  A leopard gecko zombie (D)
  A rat (D)
52 creatures vanquished.

Vanquished Creatures (collateral kills)
  A hydra (D)
  An orc warrior (D)
  2 porcupines (D)
  A bullfrog (D)
  2 orc priests (D)
  2 orcs (D)
9 creatures vanquished.

Grand Total: 61 creatures vanquished

Notes
Turn   | Place    | Note
-------+----------+-------------------------------------------
     0 | D        | Hephaistos the Centaur Berserker began the quest for the Orb.
     0 | D        | Reached XP level 1. HP: 19/19 MP: 1/1
    10 | D        | Reached ** piety under Trog
    44 | D        | Reached XP level 2. HP: 26/26 MP: 2/2
    48 | D        | Reached *** piety under Trog
    48 | D        | Reached skill level 5 in Polearms
    53 | D        | Reached XP level 3. HP: 31/31 MP: 3/3
    68 | D        | Found a roughly hewn altar of Beogh.
    68 | D        | Found a snail-covered altar of Cheibriados.
    68 | D        | Found a shadowy altar of Dithmenos.
    68 | D        | Found a white marble altar of Elyvilon.
    68 | D        | Found a blossoming altar of Fedhas.
    68 | D        | Found an opulent altar of Gozag.
    69 | D        | Found a hazy altar of Hepliaklqana.
    70 | D        | Found a viscous altar of Jiyva.
    71 | D        | Found an ancient bone altar of Kikubaaqudgha.
    72 | D        | Found a corrupted altar of Lugonu.
    73 | D        | Found a burning altar of Makhleb.
    74 | D        | Found a sparkling altar of Nemelex Xobeh.
    75 | D        | Found an iron altar of Okawaru.
    76 | D        | Found a stormy altar of Qazlal.
    77 | D        | Found a sacrificial altar of Ru.
    78 | D        | Found a deep blue altar of Sif Muna.
    79 | D        | Found a bloodstained altar of Trog.
    80 | D        | Found a hide-covered altar of Uskayaw.
    81 | D        | Found a radiant altar of Vehumet.
    82 | D        | Found an ornate altar of the Wu Jian Council.
    83 | D        | Found a shimmering altar of Xom.
    84 | D        | Found a basalt altar of Yredelemnul.
    85 | D        | Found a glowing silver altar of Zin.
    86 | D        | Found a glowing golden altar of the Shining One.
   132 | D        | Noticed a big kobold
   132 | D        | Noticed a hungry ghost
   132 | D        | Noticed a crocodile
   134 | D        | Reached **** piety under Trog
   134 | D        | Reached XP level 4. HP: 40/40 MP: 4/4
   139 | D        | Killed a crocodile
   139 | D        | Reached skill level 5 in Fighting
   139 | D        | Reached XP level 5. HP: 48/48 MP: 5/5
   145 | D        | Killed a hungry ghost
   145 | D        | Reached XP level 6. HP: 60/60 MP: 6/6
   150 | D        | Reached ***** piety under Trog
   150 | D        | Reached skill level 10 in Polearms
   184 | D        | Noticed a komodo dragon
   192 | D        | Killed a komodo dragon
   192 | D        | Reached XP level 7. HP: 69/69 MP: 7/7
   338 | D        | Gained mutation: You are agile. (Dex +2) [potion of mutation]
   338 | D        | Gained mutation: You are frail. (-10% HP) [potion of mutation]
   338 | D        | Gained mutation: You have supernaturally acute eyesight. (SInv) [potion of mutation]
   338 | D        | Gained mutation: You are very agile. (Dex +4) [potion of mutation]
   370 | D        | Noticed a spiny frog
   370 | D        | Noticed a spiny frog
   370 | D        | Noticed a black mamba
   370 | D        | Noticed a yak
   373 | D        | Killed a yak
   377 | D        | Killed a black mamba
   377 | D        | Received a gift from Trog
   377 | D        | Reached skill level 10 in Fighting
   377 | D        | Reached XP level 8. HP: 71/71 MP: 8/8
   380 | D        | Killed a spiny frog
   380 | D        | Reached skill level 7 in Bows
   382 | D        | Killed a spiny frog
   382 | D        | Reached skill level 10 in Bows
   386 | D        | Reached skill level 11 in Bows
   412 | D        | Reached skill level 12 in Bows
   412 | D        | Reached XP level 9. HP: 36/76 MP: 9/9
   415 | D        | Received a gift from Trog
   620 | D        | Noticed a komodo dragon
   620 | D        | Noticed a spiny frog
   624 | D        | Reached skill level 13 in Bows
   633 | D        | Killed a spiny frog
   633 | D        | Reached skill level 14 in Bows
   644 | D        | Received a gift from Trog
   644 | D        | Reached skill level 15 in Bows
   654 | D        | Killed a komodo dragon
   664 | D        | Reached ****** piety under Trog
   664 | D        | Reached skill level 16 in Bows
   668 | D        | Noticed a five-headed hydra
   673 | D        | Killed a six-headed hydra
   673 | D        | Received a gift from Trog
   673 | D        | Reached skill level 17 in Bows
   800 | D        | Reached skill level 18 in Bows
   800 | D        | Reached XP level 10. HP: 83/83 MP: 3/10
   803 | D        | Received a gift from Trog
  1007 | D        | Noticed Urug
  1017 | D        | Killed Urug
  1017 | D        | Reached skill level 5 in Armour
  1175 | D        | Received a gift from Trog
  1195 | D        | Received a gift from Trog
  1214 | D        | Killed from afar by an orc priest

Vault maps used:
D:        linesprint

Skill      XL: |  1  2  3  4  5  6  7  8  9 10 |
---------------+-------------------------------+-----
Polearms       | 4 6 7 8 9 11 12 13 | 13.3
Fighting       | 4 5 7 8 10 | 10.5
Armour         | 2 3 4 5 |  5.2
Dodging        | 2 3 4 |  4.1
Bows           | 12 18 | 18.4

Action                   |  1- 3 |  4- 6 |  7- 9 | 10-12 || total
-------------------------+-------+-------+-------+-------++-------
Melee: Spear             |    23 |       |       |       ||    23
       Kick              |     5 |     5 |    34 |     5 ||    49
       Halberd           |     1 |    23 |    75 |       ||    99
       Glaive            |       |       |    12 |    30 ||    42
Invok: Berserk           |     2 |     1 |     2 |     2 ||     7
       Brothers in Arms  |       |       |     2 |     1 ||     3
       Trog's Hand       |       |       |     1 |       ||     1
  Use: Potion            |       |       |     1 |       ||     1
  Eat: Chunk             |       |     1 |     6 |     2 ||     9
Armor: Animal skin       |     4 |       |       |       ||     4
       Chain mail        |     1 |     4 |     1 |       ||     6
       Ring mail         |       |       |    17 |     2 ||    19
Dodge: Dodged            |     3 |     3 |    37 |    11 ||    54

Table legend:
 A = Spawn XP
 B = Non-spawn XP
 C = Spawn XP percentage of total XP
 D = Spawn monster count
 E = Non-spawn monster count
 F = Spawn count percentage of total count
 G = Total turns spent on level
                    A         B        C        D         E        F      G
               +---------+---------+-------+---------+---------+-------+---------
         Total |       0 |    7373 |   0.0 |       0 |      61 |   0.0 |  1214
               +---------+---------+-------+---------+---------+-------+---------
             D |       0 |    7373 |   0.0 |       0 |      61 |   0.0 |  1214
               +---------+---------+-------+---------+---------+-------+---------
